[Event "Titled Tuesday Blitz May 25 2021"]
[White "Erigaisi Arjun"]
[Black "Najdin, Danil"]
[WhiteFideId "35009192"]
[BlackFideId "4172426"]
[WhiteElo "2609"]
[BlackElo "2193"]
[Result "1-0"]
[Round "01"]
[TimeControl "180+1"]
[Date "2021.05.25"]
[WhiteClock "0:00:34"]
[BlackClock "0:00:03"]

1. g3 e5 2. Bg2 d5 3. d3 Nc6 4. Nd2 f5 5. e4 fxe4 6. dxe4 d4 7. Ngf3 Nf6 8. O-O Bg4 9. h3 Bh5 10. g4 Bg6 11. Nh4 Bf7 12. f4 exf4 13. e5 Nxe5 14. Re1 Bd6 15. Ndf3 O-O 16. Nxe5 Bxe5 17. Rxe5 Nd7 18. Rf5 Qxh4 19. Bxf4 Bg6 20. Rxf8+ Rxf8 21. Qxd4 Qf6 22. Qxf6 Nxf6 23. Bxc7 Bxc2 24. Be5 Re8 25. Bxf6 gxf6 26. Bxb7 Rb8 27. Bd5+ Kg7 28. b3 Rd8 29. Rc1 Rxd5 30. Rxc2 Rd3 31. Rc7+ Kg6 32. Rxa7 Rxh3 33. Kg2 Rc3 34. b4 Rc4 35. b5 Rxg4+ 36. Kf3 Rb4 37. a4 Kf5 38. Ra6 Rb3+ 39. Ke2 Ke5 40. b6 Kd6 41. a5 h5 42. Ra7 h4 43. b7 h3 44. Kf2 Rb2+ 45. Kg1 f5 46. a6 f4 47. Ra8 f3 48. b8=Q+ Rxb8 49. Rxb8 1-0


[Site "https://www.chess.com"]

[Event "Titled Tuesday Blitz May 25 2021"]
[White "Estrada Nieto, Julian"]
[Black "Nguyen, Van Huy"]
[WhiteFideId "5101018"]
[BlackFideId "12401064"]
[WhiteElo "2270"]
[BlackElo "2443"]
[Result "0-1"]
[Round "01"]
[TimeControl "180+1"]
[Date "2021.05.25"]
[WhiteClock "0:00:03"]
[BlackClock "0:01:57"]

1. e4 c6 2. d4 d5 3. Nc3 dxe4 4. Nxe4 Bf5 5. Ng3 Bg6 6. h4 h6 7. Nf3 Nd7 8. h5 Bh7 9. Bd3 Bxd3 10. Qxd3 e6 11. Bd2 Ngf6 12. O-O-O Be7 13. Ne4 Qb6 14. c4 Nxe4 15. Qxe4 Qa6 16. Kb1 Qxc4 17. Rc1 Qd5 18. Qxd5 exd5 19. Rce1 Kd8 20. Bf4 Bf6 21. Bd6 Nf8 22. Ne5 Bxe5 23. Bxe5 Ne6 24. f4 Rg8 25. f5 Ng5 26. Bd6 Ne4 27. Bf4 Kd7 28. Kc2 Rae8 29. g4 Nf2 30. Rhg1 Rxe1 31. Rxe1 Nxg4 32. Kd3 Nf6 33. Be5 Nxh5 34. Rg1 Ke7 35. Bh2 Nf6 36. Re1+ Ne4 37. Be5 g5 38. Rf1 f6 39. Bh2 h5 0-1


[Site "https://www.chess.com"]

[Event "Titled Tuesday Blitz May 25 2021"]
[White "Eternauta2400"]
[Black "Sarana, Alexey"]
[BlackFideId "24133795"]
[WhiteElo "2455"]
[BlackElo "2629"]
[Result "0-1"]
[Round "01"]
[TimeControl "180+1"]
[Date "2021.05.25"]
[WhiteClock "0:00:06"]
[BlackClock "0:01:08"]

1. e4 c5 2. c3 Nf6 3. e5 Nd5 4. Nf3 d6 5. d4 cxd4 6. cxd4 Nc6 7. Bc4 dxe5 8. dxe5 Ndb4 9. Qxd8+ Nxd8 10. Na3 a6 11. Bd2 e6 12. O-O Bd7 13. Rac1 Bc6 14. Nd4 Be7 15. Nac2 Nxc2 16. Rxc2 Be4 17. Rcc1 Nc6 18. Nxc6 Bxc6 19. Bc3 O-O 20. Rfd1 Rfd8 21. Ba5 Rxd1+ 22. Rxd1 Rc8 23. Bb3 g5 24. h3 h5 25. Rd3 Kf8 26. a3 Kg7 27. Rc3 Rh8 28. Bc2 Bd5 29. Kf1 g4 30. Kg1 gxh3 31. Rxh3 h4 32. Rc3 Rh5 33. Re3 Bc5 34. Rh3 Rg5 35. Rh2 h3 36. Bd2 Rg4 37. b4 Ba7 38. Be3 Bxe3 39. fxe3 Bxg2 40. Kf2 Rc4 41. Bd3 Rc3 42. Bf1 Bxf1 43. Kxf1 Rc1+ 44. Kf2 Rc2+ 45. Kg3 Rxh2 46. Kxh2 Kg6 47. Kxh3 Kf5 48. Kg3 Kxe5 49. Kf3 Kd5 50. Kf4 f6 51. e4+ Kd4 52. Kf3 e5 0-1


[Site "https://www.chess.com"]

[Event "Titled Tuesday Blitz May 25 2021"]
[White "Fernandez, Daniel Howard"]
[Black "Hamley, Ryan"]
[WhiteFideId "5801605"]
[BlackFideId "30959497"]
[WhiteElo "2468"]
[BlackElo "2408"]
[Result "1-0"]
[Round "01"]
[TimeControl "180+1"]
[Date "2021.05.25"]
[WhiteClock "0:01:16"]
[BlackClock "0:00:07"]

1. e4 c6 2. d4 d5 3. exd5 cxd5 4. Bd3 Nc6 5. c3 Nf6 6. Bf4 Bg4 7. Qb3 Qd7 8. Nd2 e6 9. Ngf3 Bd6 10. Bxd6 Qxd6 11. O-O O-O 12. Rae1 Bh5 13. Ne5 Rab8 14. f4 Bg6 15. Bxg6 hxg6 16. Re3 b5 17. Qd1 b4 18. Rh3 bxc3 19. bxc3 Rb2 20. Qe1 Rfb8 21. Qh4 Kf8 22. Qh8+ Ng8 23. Rh7 Ne7 24. Qxg7+ Ke8 25. Qxf7+ Kd8 26. Nb3 Rxa2 27. Nc5 Rbb2 28. Nxe6+ Kc8 29. Qe8+ Kb7 30. Nc5+ Kb6 31. Na4+ Ka5 32. Nxb2 Rxb2 33. Ra1+ Kb6 34. Qa4 1-0


[Site "https://www.chess.com"]

[Event "Titled Tuesday Blitz May 25 2021"]
[White "Gabrielian, Artur"]
[Black "Papp, Petra"]
[WhiteFideId "4131002"]
[BlackFideId "739049"]
[WhiteElo "2539"]
[BlackElo "2259"]
[Result "1-0"]
[Round "01"]
[TimeControl "180+1"]
[Date "2021.05.25"]
[WhiteClock "0:00:51"]
[BlackClock "0:00:53"]

1. e4 c6 2. d4 d5 3. Nd2 dxe4 4. Nxe4 Nf6 5. Nxf6+ exf6 6. Nf3 Bd6 7. Bd3 O-O 8. O-O Bg4 9. h3 Bh5 10. Bf5 Nd7 11. Qd3 Bg6 12. Nh4 Re8 13. g4 Nf8 14. Bd2 Bc7 15. c3 Qd6 16. f4 Re7 17. Rae1 Rae8 18. Rxe7 Rxe7 19. Ng2 c5 20. d5 c4 21. Qxc4 Bxf5 22. gxf5 Nd7 23. Be3 Bb6 24. Qc8+ Nf8 25. Bf2 Qxd5 26. Bxb6 axb6 27. Rf2 Qxf5 28. Qxf5 1-0


[Site "https://www.chess.com"]

[Event "Titled Tuesday Blitz May 25 2021"]
[White "Golizadeh, Asghar"]
[Black "Khusnutdinov, Rustam"]
[WhiteFideId "12505269"]
[BlackFideId "13701703"]
[WhiteElo "2403"]
[BlackElo "2571"]
[Result "1-0"]
[Round "01"]
[TimeControl "180+1"]
[Date "2021.05.25"]
[WhiteClock "0:00:14"]
[BlackClock "0:00:12"]

1. e4 e5 2. Nf3 Nc6 3. d4 exd4 4. Bc4 Nf6 5. e5 d5 6. Bb5 Ne4 7. Nxd4 Bc5 8. Be3 O-O 9. Bxc6 bxc6 10. Nd2 Qe8 11. O-O f5 12. f4 Bb6 13. Nxe4 fxe4 14. b4 a5 15. a3 Ba6 16. Rf2 Bc4 17. Rb1 axb4 18. axb4 Ra3 19. Qd2 c5 20. bxc5 Bxc5 21. Nb3 Bxe3 22. Qxe3 Qa4 23. h3 Rb8 24. Qc5 c6 25. Kh2 Qb5 26. Qe7 d4 27. f5 Qb7 28. Qxa3 e3 29. Rf4 Qc7 30. Qd6 Qxd6 31. exd6 c5 32. Rc1 e2 33. Nxc5 Re8 1-0


[Site "https://www.chess.com"]

[Event "Titled Tuesday Blitz May 25 2021"]
[White "Gracia Alvarez, Gerardo Antonio"]
[Black "Zakhartsov, Vladimir"]
[WhiteFideId "5109124"]
[BlackFideId "4145097"]
[WhiteElo "2148"]
[BlackElo "2462"]
[Result "1-0"]
[Round "01"]
[TimeControl "180+1"]
[Date "2021.05.25"]
[WhiteClock "0:00:13"]
[BlackClock "0:00:58"]

1. e4 c5 2. Nf3 d6 3. d4 Nf6 4. Nc3 cxd4 5. Nxd4 a6 6. Be2 e6 7. O-O Be7 8. f4 Qc7 9. Be3 b5 10. Bf3 Bb7 11. e5 dxe5 12. fxe5 Nfd7 13. Bxb7 Qxb7 14. Qg4 g6 15. Nxe6 fxe6 16. Qxe6 Rf8 17. Nd5 Nc6 18. Rxf8+ Nxf8 19. Nf6+ Kd8 20. Rd1+ Kc7 21. Qf7 Rd8 22. Rxd8 Kxd8 23. Qe8+ Kc7 24. Nd5# 1-0


[Site "https://www.chess.com"]

[Event "Titled Tuesday Blitz May 25 2021"]
[White "Haitin, Ilja"]
[Black "Dobrov, Vladimir"]
[WhiteFideId "4501764"]
[BlackFideId "4136594"]
[WhiteElo "2182"]
[BlackElo "2614"]
[Result "0-1"]
[Round "01"]
[TimeControl "180+1"]
[Date "2021.05.25"]
[WhiteClock "0:00:04"]
[BlackClock "0:00:37"]

1. e4 c5 2. d3 Nc6 3. g3 g6 4. Bg2 Bg7 5. f4 d6 6. Nf3 e6 7. O-O Nge7 8. c3 O-O 9. Be3 b6 10. Bf2 Ba6 11. Re1 d5 12. e5 d4 13. c4 Nf5 14. Ng5 Bb7 15. Ne4 Qe7 16. Nbd2 Rad8 17. Nf3 Qc7 18. g4 Ne3 19. Bxe3 dxe3 20. Rxe3 Rd7 21. Qe2 Rfd8 22. Rd1 Nd4 23. Nxd4 Rxd4 24. g5 b5 25. b3 bxc4 26. bxc4 Qa5 27. Nf6+ Bxf6 28. exf6 Bxg2 29. Kxg2 Rxf4 30. Rf1 Qc7 31. Re5 Rfd4 32. Rxe6 fxe6 33. Qxe6+ Qf7 34. Qe5 Rxd3 35. Qxc5 Qb7+ 36. Kg1 Qb6 37. f7+ Kg7 38. Qxb6 axb6 39. Rf6 Rf8 0-1


[Site "https://www.chess.com"]

[Event "Titled Tuesday Blitz May 25 2021"]
[White "Harutjunyan, Gevorg"]
[Black "Todorovic, Bojan"]
[WhiteFideId "13300873"]
[BlackFideId "917087"]
[WhiteElo "2498"]
[BlackElo "2266"]
[Result "1-0"]
[Round "01"]
[TimeControl "180+1"]
[Date "2021.05.25"]
[WhiteClock "0:00:11"]
[BlackClock "0:00:11"]

1. e4 g6 2. d4 Bg7 3. Nc3 d6 4. f4 a6 5. Nf3 b5 6. Bd3 Bb7 7. Qe2 Nd7 8. e5 c5 9. Be4 Bxe4 10. Nxe4 cxd4 11. exd6 Ngf6 12. Neg5 h6 13. Nxd4 Nc5 14. Ngf3 Qxd6 15. Be3 O-O 16. O-O-O Qc7 17. Ne5 Nd5 18. Ndc6 Nxe3 19. Qxe3 Na4 20. Rd7 Qb6 21. Nxe7+ Kh7 22. Qxb6 Nxb6 23. Rb7 Nc4 24. Nxc4 bxc4 25. Rd1 Rfd8 26. Rbd7 Rxd7 27. Rxd7 Rb8 28. c3 Rb5 29. g4 g5 30. f5 Be5 31. Nc6 Bf4+ 32. Kc2 Kg7 33. Nd4 Re5 34. b3 cxb3+ 35. axb3 Re3 36. Ne6+ Kf6 37. Nd8 Re2+ 38. Kd1 Rxh2 39. Rxf7+ Ke5 40. Re7+ Kd5 41. Nf7 Rd2+ 42. Ke1 Rc2 43. c4+ Kc5 44. f6 Kb4 45. Nxh6 Kxb3 46. f7 Bg3+ 47. Kd1 Rf2 48. Nf5 1-0


[Site "https://www.chess.com"]

[Event "Titled Tuesday Blitz May 25 2021"]
[White "Holt, Conrad"]
[Black "Nilsen, Tobias Lang"]
[WhiteFideId "2034387"]
[BlackFideId "1521624"]
[WhiteElo "2586"]
[BlackElo "1975"]
[Result "1-0"]
[Round "01"]
[TimeControl "180+1"]
[Date "2021.05.25"]
[WhiteClock "0:01:18"]
[BlackClock "0:00:01"]

1. d4 e6 2. c4 Nf6 3. Nc3 c5 4. d5 exd5 5. cxd5 d6 6. e4 g6 7. h3 Bg7 8. Nf3 O-O 9. Bd3 b5 10. Bxb5 Nxe4 11. Nxe4 Qa5+ 12. Nfd2 Qxb5 13. Nxd6 Qd7 14. N2c4 Ba6 15. O-O Bd4 16. Qf3 Rd8 17. Re1 Bxc4 18. Nxc4 Na6 19. Bg5 Re8 20. d6 Nb4 21. Re7 Rxe7 22. Bxe7 Re8 23. Rd1 Nxa2 24. Rxd4 cxd4 25. Ne5 Qe6 26. Qf6 Qxf6 27. Bxf6 Re6 28. d7 Rd6 29. d8=Q+ Rxd8 30. Bxd8 Nc1 31. Bg5 Nb3 32. Bf6 Nc1 33. Kf1 d3 34. Bg5 Nb3 35. Nxd3 Kg7 36. Be3 a6 37. Nc5 Nxc5 38. Bxc5 Kf6 39. Ke2 Ke6 40. Kd3 Kd5 41. Be3 f6 42. Kc3 Kc6 43. Kb4 Kb7 44. Ka5 h5 45. b4 1-0


[Site "https://www.chess.com"]

[Event "Titled Tuesday Blitz May 25 2021"]
[White "Juhasz, Agoston"]
[Black "Wieczorek, Oskar"]
[WhiteFideId "778346"]
[BlackFideId "1133950"]
[WhiteElo "2211"]
[BlackElo "2258"]
[Result "0-1"]
[Round "01"]
[TimeControl "180+1"]
[Date "2021.05.25"]
[WhiteClock "0:00:04"]
[BlackClock "0:00:02"]

1. e4 e6 2. d4 d5 3. Bd3 Nf6 4. e5 Nfd7 5. c3 c5 6. Nf3 Nc6 7. O-O Be7 8. a3 a5 9. Re1 g5 10. dxc5 g4 11. Nd4 Ncxe5 12. Bb5 Bf6 13. Bf4 O-O 14. c6 bxc6 15. Nxc6 Nxc6 16. Bxc6 Ra6 17. Qxg4+ Kh8 18. Bb5 Rb6 19. a4 e5 20. Be3 Rd6 21. Qh5 Bg7 22. Na3 Rg6 23. Rad1 d4 24. cxd4 Bb7 25. d5 Nf6 26. Qh4 Nxd5 27. Qxd8 Rxd8 28. Kh1 Rc8 29. f3 Nxe3 30. Rxe3 h5 31. Red3 e4 32. Rd7 exf3 33. Rxb7 fxg2+ 34. Kg1 Bd4+ 0-1


[Site "https://www.chess.com"]

[Event "Titled Tuesday Blitz May 25 2021"]
[White "Kakabayev, Mergen"]
[Black "Urazayev, Arystanbek"]
[WhiteFideId "14002990"]
[BlackFideId "13709810"]
[WhiteElo "2302"]
[BlackElo "2321"]
[Result "0-1"]
[Round "01"]
[TimeControl "180+1"]
[Date "2021.05.25"]
[WhiteClock "0:00:06"]
[BlackClock "0:01:07"]

1. e4 c5 2. Nf3 d6 3. d4 cxd4 4. Nxd4 Nf6 5. Nc3 a6 6. Bg5 Nbd7 7. Qe2 h6 8. Bh4 g5 9. Bg3 Bg7 10. Nf5 Bf8 11. h4 g4 12. O-O-O Nc5 13. e5 Bxf5 14. exf6 e6 15. h5 Rc8 16. Kb1 Qxf6 17. Bxd6 Bxd6 18. Rxd6 O-O 19. Qe3 Na4 20. Nxa4 Bxc2+ 21. Ka1 Bxa4 22. Bd3 Rfd8 23. Rxd8+ Rxd8 24. Rc1 Bc6 25. Bb1 Bxg2 26. Rc4 Bf3 27. Rf4 Qg5 28. Qc1 e5 29. Rc4 Qxc1 30. Rxc1 Rd1 31. Rxd1 Bxd1 32. Bf5 b6 33. Kb1 Kg7 34. Kc1 Bf3 35. Kd2 Kf6 36. Bd7 Kg5 37. Be8 Bd5 38. Ke3 0-1


[Site "https://www.chess.com"]

[Event "Titled Tuesday Blitz May 25 2021"]
[White "Kazakouski, Valery"]
[Black "Petukhov, Dmitry"]
[WhiteFideId "13507443"]
[BlackFideId "4142748"]
[WhiteElo "2546"]
[BlackElo "2356"]
[Result "1-0"]
[Round "01"]
[TimeControl "180+1"]
[Date "2021.05.25"]
[WhiteClock "0:01:40"]
[BlackClock "0:00:15"]

1. d4 Nf6 2. Nf3 g6 3. c4 Bg7 4. g3 O-O 5. Bg2 c6 6. O-O d5 7. Nbd2 Ne4 8. b3 Nxd2 9. Qxd2 Bf5 10. Bb2 Be4 11. Bh3 e6 12. Ne5 dxc4 13. Nxc4 c5 14. Rfd1 Nc6 15. dxc5 Qxd2 16. Rxd2 Rfd8 17. Bxg7 Kxg7 18. Nd6 Bd5 19. Nxb7 Rd7 20. Nd6 Ne7 21. Rad1 Rc7 22. e4 Bc6 23. b4 Rb8 24. a3 a5 25. b5 Bxb5 26. Rb1 Rxc5 27. Rdb2 Rc3 28. Nxb5 Rd3 29. Bf1 Rdd8 30. Rc2 Nc6 31. Rxc6 f5 32. Rxe6 1-0


[Site "https://www.chess.com"]

[Event "Titled Tuesday Blitz May 25 2021"]
[White "Keso, Elias"]
[Black "Corrales Jimenez, Fidel"]
[WhiteFideId "514942"]
[BlackFideId "3506690"]
[WhiteElo "1969"]
[BlackElo "2555"]
[Result "0-1"]
[Round "01"]
[TimeControl "180+1"]
[Date "2021.05.25"]
[WhiteClock "0:00:08"]
[BlackClock "0:00:15"]

1. f4 d5 2. Nf3 Nf6 3. e3 g6 4. b3 Bg7 5. Bb2 O-O 6. Be2 c5 7. O-O Nc6 8. Bb5 Qb6 9. Bxc6 bxc6 10. Nc3 c4 11. Na4 Qa6 12. Nc5 Qb5 13. Bd4 Bg4 14. a4 Qa5 15. Qe1 cxb3 16. cxb3 Bxf3 17. Rxf3 Ne4 18. Bxg7 Kxg7 19. Nxe4 dxe4 20. Rh3 h5 21. Qh4 e6 22. g4 Rh8 23. f5 exf5 24. gxf5 Qxf5 25. Rg3 Qf6 26. Qxf6+ Kxf6 27. Rf1+ Kg7 28. Rf4 Rhe8 29. Rf5 h4 30. Rg4 Rad8 31. Rc5 Rxd2 32. Rxc6 Rd3 33. Rxh4 Rxb3 34. Rc7 Rxe3 35. Rf4 Rf8 36. Rxa7 g5 37. Rf5 Kg6 38. Re5 f5 39. Re6+ Rf6 40. Rxf6+ Kxf6 41. Rb7 f4 42. a5 Ra3 43. Rb6+ Kf5 44. a6 e3 45. Kg2 Ra2+ 46. Kf1 f3 47. Rb5+ Kg4 48. Rb4+ Kh3 49. Rb5 Ra1+ 50. Rb1 Rxb1# 0-1


[Site "https://www.chess.com"]

[Event "Titled Tuesday Blitz May 25 2021"]
[White "Koridze, Lile"]
[Black "Djordjevic, Vuk"]
[WhiteFideId "13612514"]
[BlackFideId "902098"]
[WhiteElo "1978"]
[BlackElo "2463"]
[Result "0-1"]
[Round "01"]
[TimeControl "180+1"]
[Date "2021.05.25"]
[WhiteClock "0:01:01"]
[BlackClock "0:00:05"]

1. d4 Nf6 2. c4 e6 3. Nf3 b6 4. g3 Ba6 5. Nbd2 Bb4 6. b3 Bc3 7. Rb1 Bb7 8. Qc2 Bxd4 9. Nxd4 Bxh1 10. f3 h5 11. h4 a6 12. b4 c5 13. bxc5 bxc5 14. N4b3 Qc7 15. Kf2 Nc6 16. Bb2 Nb4 17. Qd1 Ng4+ 18. fxg4 hxg4 19. Bg2 Bxg2 20. Kxg2 O-O 21. e4 f5 22. Qe2 Rae8 23. e5 Qc6+ 24. Kh2 Nxa2 25. Nf1 Nb4 26. Ne3 Qe4 27. Re1 f4 28. Qxg4 Nd3 29. Re2 Nxb2 30. Ng2 fxg3+ 31. Kxg3 Qxg4+ 32. Kxg4 Nxc4 33. Nxc5 Rf7 34. Rc2 Nxe5+ 35. Kg3 a5 36. Ne4 Rf3+ 37. Kh2 Ng4+ 38. Kg1 Ref8 39. Nd2 Rd3 40. Ra2 a4 41. Ne1 Rg3+ 42. Kh1 Rf2 0-1


[Site "https://www.chess.com"]

[Event "Titled Tuesday Blitz May 25 2021"]
[White "Laxman, R.R."]
[Black "Prydun, Andriy"]
[WhiteFideId "5005361"]
[BlackFideId "14145898"]
[WhiteElo "2476"]
[BlackElo "2033"]
[Result "1-0"]
[Round "01"]
[TimeControl "180+1"]
[Date "2021.05.25"]
[WhiteClock "0:01:49"]
[BlackClock "0:00:05"]

1. d4 d5 2. Nf3 c6 3. c4 Nf6 4. e3 e6 5. b3 Nbd7 6. Bd3 Bd6 7. O-O O-O 8. Ba3 Qe7 9. Bxd6 Qxd6 10. Qc1 e5 11. dxe5 Nxe5 12. Nxe5 Qxe5 13. Nd2 Bf5 14. Nf3 Qxa1 15. Qxa1 Bxd3 16. Rc1 dxc4 17. Ne5 Rfd8 18. Nxc4 Rd5 19. f3 Rad8 20. e4 Rc5 21. Ne3 Rxc1+ 22. Qxc1 Bb5 23. Nf5 h6 24. h3 Kh7 25. Qf4 Rd1+ 26. Kh2 Ng8 27. Qe5 Nf6 28. Nd6 Bf1 29. Qf5+ Kg8 30. Qc8+ Kh7 31. Nxf7 Nd7 32. Qh8+ Kg6 33. Qe8 Kh7 34. e5 Rd2 35. e6 Nf6 36. Qh8+ Kg6 37. Ne5+ Kf5 38. Ng4 Rxg2+ 39. Kh1 Re2 40. Qxg7 Rxe6 41. Nxh6+ Ke5 42. Qg5+ Kd6 43. Nf5+ Kc7 44. Qg7+ Kb6 45. Qf7 Re2 46. Qxf6 Bg2+ 47. Kg1 Bxf3 48. Qd8+ Ka6 49. Qd3+ 1-0


[Site "https://www.chess.com"]

[Event "Titled Tuesday Blitz May 25 2021"]
[White "Le, Tuan Minh"]
[Black "Noboa Silva, Kevin"]
[WhiteFideId "12401153"]
[BlackFideId "3618471"]
[WhiteElo "2450"]
[BlackElo "2161"]
[Result "1-0"]
[Round "01"]
[TimeControl "180+1"]
[Date "2021.05.25"]
[WhiteClock "0:00:14"]
[BlackClock "0:00:05"]

1. d4 Nf6 2. Nf3 e6 3. Bf4 b6 4. e3 Bb7 5. Bd3 Be7 6. h3 d6 7. O-O a6 8. c4 c5 9. Nc3 cxd4 10. exd4 O-O 11. Re1 Re8 12. Bg3 Nbd7 13. Qe2 Bf8 14. Rad1 Rc8 15. Bh4 Qc7 16. Bg3 Qb8 17. Nd2 Qa8 18. Qf1 d5 19. cxd5 Nxd5 20. Nxd5 Bxd5 21. Bxa6 Bxg2 22. Qxg2 Qxa6 23. a3 Qb5 24. b4 Nf6 25. Be5 Nd5 26. Ne4 Red8 27. Qf3 Rc2 28. Rd3 Rdc8 29. Qg3 Rc1 30. Rxc1 Rxc1+ 31. Kh2 f5 32. Nc3 Qc6 33. Nxd5 Qxd5 34. Qg2 Qd7 35. Rg3 g6 36. h4 Kf7 37. h5 Bd6 38. hxg6+ hxg6 39. Rxg6 Bxe5+ 40. dxe5 Qd4 41. Rg7+ Ke8 42. Qa8+ Qd8 43. Rg8+ Kf7 44. Qxd8 1-0


[Site "https://www.chess.com"]

[Event "Titled Tuesday Blitz May 25 2021"]
[White "Leitao, Rafael"]
[Black "Tarasova, Viktoriya"]
[WhiteFideId "2101246"]
[BlackFideId "4175840"]
[WhiteElo "2609"]
[BlackElo "2182"]
[Result "1-0"]
[Round "01"]
[TimeControl "180+1"]
[Date "2021.05.25"]
[WhiteClock "0:00:58"]
[BlackClock "0:00:12"]

1. c4 Nf6 2. Nc3 e5 3. Nf3 Nc6 4. e4 Bb4 5. d3 Bxc3+ 6. bxc3 O-O 7. g3 d6 8. Bg2 a6 9. a4 Ne7 10. O-O c6 11. Ba3 Qc7 12. Re1 Ng6 13. d4 Rd8 14. Qc2 Be6 15. c5 dxc5 16. Bxc5 Nd7 17. Ba3 Nb6 18. a5 Nc4 19. Bb4 Bg4 20. h3 Bxf3 21. Bxf3 exd4 22. cxd4 Rxd4 23. Be2 Nce5 24. Bc3 Rdd8 25. f4 Nd7 26. Bc4 b5 27. axb6 Qxb6+ 28. Kg2 Qa7 29. Qa2 Nc5 30. e5 Re8 31. f5 Nf8 32. Bd4 Rad8 33. Bxc5 Qxc5 34. Bxf7+ Kh8 35. Bxe8 Rxe8 36. Rac1 Qd4 37. Rcd1 Qc3 38. e6 g6 39. Qd2 Qf6 40. Qd4 Qxd4 41. Rxd4 gxf5 42. e7 Ng6 43. Rd8 1-0


[Site "https://www.chess.com"]

[Event "Titled Tuesday Blitz May 25 2021"]
[White "Ljukin, Sergei"]
[Black "Yoo, Christopher Woojin"]
[WhiteFideId "14102200"]
[BlackFideId "30909694"]
[WhiteElo "2287"]
[BlackElo "2009"]
[Result "0-1"]
[Round "01"]
[TimeControl "180+1"]
[Date "2021.05.25"]
[WhiteClock "0:00:09"]
[BlackClock "0:00:04"]

1. e4 c5 2. Nf3 e6 3. d4 cxd4 4. Nxd4 Nf6 5. Nc3 Qb6 6. Nb3 Bb4 7. Bd3 d6 8. O-O Bxc3 9. bxc3 O-O 10. Bg5 Nbd7 11. Kh1 h6 12. Be3 Qc7 13. Qd2 Ng4 14. Bf4 e5 15. Bg3 b6 16. h3 Ngf6 17. f4 Bb7 18. fxe5 dxe5 19. Rae1 Rac8 20. c4 Ba6 21. Bh4 Qd6 22. Qe2 Qe6 23. Nd2 Nh7 24. Rf5 f6 25. Qh5 Nc5 26. Qg6 Rcd8 27. Re3 Rd7 28. Rg3 Kh8 29. Rh5 Qf7 30. Qg4 Rfd8 31. Rf3 Qe6 32. Qg6 Nxd3 33. cxd3 Rxd3 34. Rxh6 gxh6 35. Bxf6+ Nxf6 36. Rxf6 Rxh3+ 37. gxh3 Qxh3+ 38. Kg1 Rg8 39. Qxg8+ Kxg8 40. Rf3 Qg4+ 41. Kf2 Qh4+ 42. Rg3+ Kf7 43. Kg2 Ke6 44. Rh3 Qg4+ 45. Rg3 Qe2+ 46. Kh3 Qxd2 47. Rg6+ Kf7 48. Rxh6 Qxh6+ 0-1


[Site "https://www.chess.com"]

[Event "Titled Tuesday Blitz May 25 2021"]
[White "Maly, Alexey"]
[Black "Langner, Ladislav"]
[WhiteFideId "14103184"]
[BlackFideId "300403"]
[WhiteElo "2314"]
[BlackElo "2346"]
[Result "1-0"]
[Round "01"]
[TimeControl "180+1"]
[Date "2021.05.25"]
[WhiteClock "0:01:06"]
[BlackClock "0:00:02"]

1. d4 Nf6 2. c4 g6 3. Nc3 d5 4. cxd5 Nxd5 5. e4 Nxc3 6. bxc3 c5 7. Nf3 Bg7 8. Be3 Bg4 9. Qd2 Bxf3 10. gxf3 cxd4 11. cxd4 Nc6 12. Rd1 e5 13. dxe5 Bxe5 14. Qxd8+ Rxd8 15. Rxd8+ Kxd8 16. Bc4 Kc7 17. Bxf7 Rf8 18. Bd5 Rxf3 19. Ke2 Rh3 20. f4 Nd4+ 21. Kd2 Bg7 22. e5 Nf5 23. Bxa7 Bh6 24. Rc1+ Kd7 25. e6+ Kd6 26. Rc5 Bxf4+ 27. Ke1 Be3 28. Rc3 Bf2+ 29. Bxf2 Rxc3 30. Bxb7 Kxe6 31. a4 Ra3 32. Bc6 Nd6 33. Bg3 Ra2 34. Kf1 Nc4 35. Ke1 h5 36. Bb5 Nb2 37. Bc7 Kf6 38. a5 Na4 39. Bd8+ Kf5 40. Bd3+ Kf4 41. Bc4 Ke3 42. Bxa2 Nc3 43. a6 1-0


[Site "https://www.chess.com"]

[Event "Titled Tuesday Blitz May 25 2021"]
[White "Mirzoev, Azer"]
[Black "Bressy, Theo"]
[WhiteFideId "13400304"]
[BlackFideId "26022842"]
[WhiteElo "2525"]
[BlackElo "2163"]
[Result "1-0"]
[Round "01"]
[TimeControl "180+1"]
[Date "2021.05.25"]
[WhiteClock "0:01:21"]
[BlackClock "0:01:00"]

1. d4 d5 2. Nf3 Nf6 3. Bf4 c5 4. e3 e6 5. c3 Bd6 6. Bg3 O-O 7. Nbd2 Qc7 8. Ne5 Nbd7 9. f4 Ne8 10. Bd3 f5 11. O-O Ndf6 12. Bh4 c4 13. Bc2 b5 14. h3 a5 15. g4 g6 16. Kh1 Kh8 17. gxf5 exf5 18. Rg1 Rg8 19. Qf3 Be6 20. Bg5 Bxe5 21. fxe5 Ne4 22. Bxe4 fxe4 23. Bf6+ Ng7 24. Qg3 Rgf8 25. Raf1 Rf7 26. Qh4 Kg8 27. Qh6 Raf8 28. Rf4 Nf5 29. Rxg6+ hxg6 30. Qh8# 1-0


[Site "https://www.chess.com"]

[Event "Titled Tuesday Blitz May 25 2021"]
[White "Morris-Suzuki, Sophie"]
[Black "Dang, Hoang Son"]
[WhiteFideId "30922615"]
[BlackFideId "12402435"]
[WhiteElo "2362"]
[BlackElo "2248"]
[Result "0-1"]
[Round "01"]
[TimeControl "180+1"]
[Date "2021.05.25"]
[WhiteClock "0:00:07"]
[BlackClock "0:00:27"]

1. d4 Nf6 2. c4 g6 3. Nc3 Bg7 4. e4 d6 5. f3 O-O 6. Nge2 c5 7. d5 e6 8. Ng3 h5 9. Bg5 Qb6 10. Qd2 Nh7 11. Be3 h4 12. Nge2 exd5 13. Nxd5 Qd8 14. Bh6 Nc6 15. Bxg7 Kxg7 16. O-O-O Be6 17. f4 Bxd5 18. cxd5 Nb4 19. a3 Na6 20. g3 Re8 21. Nc3 Nf6 22. Qc2 Rc8 23. Rg1 hxg3 24. Rxg3 Nh5 25. Rg4 Qf6 26. e5 dxe5 27. Ne4 Qf5 28. Bh3 Nxf4 29. Rf1 Rcd8 30. Rgxf4 Qxh3 31. Rxf7+ Kh8 32. Ng5 Qe3+ 33. Qd2 Qxd2+ 34. Kxd2 Rxd5+ 35. Ke3 e4 36. Rh7+ Kg8 37. Rff7 Rf5 38. Rfg7+ Kf8 39. Nh3 Rf3+ 40. Ke2 Rf5 41. Ng5 c4 42. Rf7+ Rxf7 43. Rxf7+ Kg8 44. Rxb7 Nc5 45. Rxa7 e3 46. Rc7 Nd3 47. Rxc4 Re5 48. Rd4 Nc1+ 49. Kd1 e2+ 50. Ke1 Rxg5 51. Rd8+ Kg7 52. Re8 Rg1+ 53. Kd2 Rd1+ 54. Kc2 e1=Q 55. Rxe1 Rxe1 56. b4 Rh1 57. Kc3 Na2+ 58. Kb3 Rxh2 59. b5 Nc1+ 60. Ka4 Nd3 61. Ka5 Rb2 62. b6 Nc5 63. a4 Kf6 64. b7 Nxb7+ 65. Ka6 Nc5+ 66. Ka5 Nb7+ 67. Ka6 Ke7 68. a5 Kd7 69. Ka7 Kc7 70. a6 Nd8 71. Ka8 Rb8+ 72. Ka7 Nc6# 0-1


[Site "https://www.chess.com"]

[Event "Titled Tuesday Blitz May 25 2021"]
[White "Nayem, Haque"]
[Black "Indjic, Aleksandar"]
[WhiteFideId "10217754"]
[BlackFideId "911925"]
[WhiteElo "1982"]
[BlackElo "2643"]
[Result "0-1"]
[Round "01"]
[TimeControl "180+1"]
[Date "2021.05.25"]
[WhiteClock "0:01:26"]
[BlackClock "0:01:50"]

1. e4 c5 2. Nf3 e6 3. d4 cxd4 4. Nxd4 Nc6 5. Nc3 Nf6 6. Be3 Bb4 7. Bd3 d5 8. Nxc6 bxc6 9. exd5 cxd5 10. O-O O-O 11. a3 Ba5 12. b4 Bb6 13. Ne2 Bxe3 14. fxe3 Qb6 15. Qd2 Bd7 16. Nd4 e5 17. Nb3 Be6 18. Nc5 Nd7 19. Nxd7 Bxd7 20. Kh1 Be6 21. Bf5 Rac8 22. Bxe6 Qxe6 23. Rad1 Rfd8 24. Rf2 h6 25. Rdf1 f6 26. h3 Rd7 27. Qd3 d4 28. exd4 Rxd4 29. Qg6 Qf7 30. Qf5 Rc7 31. c3 Rdd7 32. a4 Rxc3 33. b5 Rcd3 34. a5 Rd1 35. b6 axb6 36. axb6 Qb3 37. Rxd1 Rxd1+ 38. Kh2 Qxb6 39. Qc8+ Rd8 40. Qe6+ Qxe6 0-1


[Site "https://www.chess.com"]